 Dungeon Crawl Stone Soup version 0.32-a0-314-g526f7d4993 (webtiles) character file.

Game seed: 3769785161855689636

145 retardedninja the Trooper (level 5, -2/46 HPs)
             Began as a Mountain Dwarf Fighter on Feb 15, 2024.
             Was an Initiate of Cheibriados.
             Slain by a gnoll
             ... wielding a +0 halberd
              (5 damage)
             ... on level 3 of the Dungeon.
             The game lasted 00:03:29 (2013 turns).

retardedninja the Trooper (Mountain Dwarf Fighter)  Turns: 2013, Time: 00:03:30

Health: -2/46      AC: 10    Str: 21    XL:     5   Next: 6%
Magic:  0/5        EV:  9    Int: 10    God:    Cheibriados [......]
Gold:   66         SH:  4    Dex: 10    Spells: 4/4 levels left

rFire   . . .        a - +0 war axe
rCold   . . .        c - +0 buckler
rNeg    . . .        b - +0 scale mail
rPois   .            o - +0 helmet
rElec   .            l - +0 cloak
rCorr   .            g - +0 pair of gloves
SInv    .            (no boots)
Will    .....        h - amulet of guardian spirit Stlth
                     i - ring of flight
HPRegen 0.27/turn    (no ring)
MPRegen 0.09/turn

%: guardian spirit
@: mighty, flying, very slow
A: runic magic, artefact enchanting
a: Renounce Religion


You were on level 3 of the Dungeon.
You worshipped Cheibriados.
Cheibriados was noncommittal.
You visited 1 branch of the dungeon, and saw 3 of its levels.

You collected 66 gold pieces.

Inventory:

Hand Weapons
 a - a +0 war axe (weapon)
Armour
 b - a +0 scale mail (worn)
 c - a +0 buckler (worn)
 g - a +0 pair of gloves (worn)
 l - a +0 cloak (worn)
 o - a +0 helmet (worn)
Jewellery
 h - an amulet of guardian spirit (around neck)
 i - a ring of flight (left hand)
 q - an amulet of faith
Scrolls
 k - a scroll of teleportation {unknown}
Potions
 f - a potion of resistance
 n - a potion of haste


   Skills:
 + Level 4.3 Fighting
 + Level 3.8 Axes
 + Level 4.2 Armour
 + Level 4.2 Shields


You had 4 spell levels left.
You didn't know any spells.
Your spell library was empty.

Dungeon Overview and Level Annotations

Branches:
Dungeon (3/15)

Altars:
Cheibriados
Gozag
Qazlal
Uskayaw
Vehumet
Wu Jian


Innate Abilities, Weirdness & Mutations

Your spellcasting is much less encumbered by armour.
You can use scrolls of enchantment on lesser artefacts.


Message History

* * * LOW HITPOINT WARNING * * *
The gnoll hits you from afar with a +0 spear.
* * * LOW HITPOINT WARNING * * *
Unknown command.
As you read the scroll labelled WOALOB JIPUJ, it crumbles to dust.
You feel aware of your surroundings.
It was a scroll of revelation.
The gnoll hits you but does no damage.
The gnoll hits you from afar with a +0 spear.
* * * LOW HITPOINT WARNING * * *
You block the gnoll's attack.
The gnoll hits you from afar with a +0 spear.
* * * LOW HITPOINT WARNING * * *
You feel a little less mighty now. You block the gnoll's attack.
The gnoll hits you but does no damage.
Unknown command.
You cannot move.
You feel less wooden.
Your +0 cloak unmelds from your body.
Your +0 helmet unmelds from your body.
Your +0 pair of gloves unmelds from your body.
Your +0 scale mail unmelds from your body.
The gnoll hits you but does no damage. x2
This is a scroll of acquirement!
Something appears at your feet! The gnoll barely misses you.
The gnoll hits you but does no damage. The gnoll attacks as it pursues you!
You block the gnoll's attack. The gnoll closely misses you.
You feel very mighty all of a sudden. The gnoll closely misses you.
You block the gnoll's attack. The gnoll hits you with a +0 halberd.
* * * LOW HITPOINT WARNING * * *
There is an open door, spattered with blood here.
You see here the ring of Yseixt {rN+ Int+6}.
You closely miss the gnoll. You block the gnoll's attack.
The gnoll barely misses you. x2
You slash the gnoll!
The gnoll is almost dead.
You block the gnoll's attack. The gnoll closely misses you.
The gnoll hits you with a +0 halberd.
You die...
Cheibriados appreciates the motionlessness of death.

#........* *,*
*........######### ***,*
*,......########## *,,,,
*,,#....########## *,,,,
**,#....########## *,,,,
#.#....########## *,,,,
#......########## *,,,,
######..##....### *,.,,
#####gg@....###### **#.,
########.........# #.#
############.#.#.### #..
############[.P....# #..
#############.~~~P.###..
############.~~~.~P.##..
#############~..~~..##..
############..~~~~~P....
#.~~~~~..#..#


You could see 2 gnolls.

Vanquished Creatures
  Robin (D:2)
  2 gnolls (D:3)
  A dart slug (D:1)
  An orc (D:3)
  5 endoplasms
  2 giant cockroaches (D:1)
  13 goblins
  5 hobgoblins
  6 ball pythons
  12 bats
  6 frilled lizards
  3 kobolds
  8 rats
65 creatures vanquished.

Notes
Turn   | Place    | Note
-------+----------+-------------------------------------------
     0 | D:1      | retardedninja the Mountain Dwarf Fighter began the quest
                  | for the Orb.
     0 | D:1      | Reached XP level 1. HP: 19/19 MP: 1/1
    78 | D:1      | Reached XP level 2. HP: 26/26 MP: 2/2
   512 | D:1      | Reached XP level 3. HP: 33/33 MP: 3/3
   958 | D:2      | Found an ornate altar of the Wu Jian Council.
  1129 | D:2      | Noticed Robin
  1138 | D:2      | Reached XP level 4. HP: 37/40 MP: 4/4
  1142 | D:2      | Killed Robin
  1290 | D:2      | Identified the +1 robe of Inovits {rCorr Dex+3}
  1821 | D:3      | Found a snail-covered altar of Cheibriados.
  1825 | D:3      | Found a radiant altar of Vehumet.
  1829 | D:3      | Found an opulent altar of Gozag.
  1829 | D:3      | Found a stormy altar of Qazlal.
  1851 | D:3      | Became a worshipper of Cheibriados the Contemplative
  1860 | D:3      | Found a hide-covered altar of Uskayaw.
  2003 | D:3      | Reached XP level 5. HP: 15/46 MP: 2/5
  2008 | D:3      | Identified a scroll of acquirement
  2008 | D:3      | Acquired the ring of Yseixt {rN+ Int+6}
  2011 | D:3      | HP: 2/46 [gnoll/+0 halberd (2)]
  2013 | D:3      | Slain by a gnoll

Illustrated notes

Levels and vault maps discovered:
D:1:      dpeg_arrival_another_circle, layout_basic, minmay_misc_feat_roman,
          minmay_fountain_box, kennysheep_another_room,
          amcnicky_mini_pool_small, minmay_door_square,
          nicolae_concentric_dashed_squares_mild
D:2:      layout_basic, basic_altar, minmay_pentomino_x2, uniq_robin
D:3:      layout_basic, nicolae_overflow_hallway_of_the_gods,
          serial_bayou_pond_b

Skill      XL: |  1  2  3  4 |
---------------+-------------+-----
Axes           | 3 |  3.8
Fighting       | 4 |  4.3
Armour         | 4 |  4.2
Shields        | 4 |  4.2

Action                     |  1- 3 |  4- 6 || total
---------------------------+-------+-------++-------
  Melee: War axe           |   106 |    49 ||   155
    Use: Scroll            |       |     6 ||     6
         Potion            |       |     3 ||     3
 Armour: Scale mail        |    96 |    48 ||   144
         Skin              |       |    26 ||    26
  Dodge: Dodged            |    76 |    42 ||   118
  Block: Buckler           |    42 |    16 ||    58

Table legend: (Time is in decaauts)
 A = Elapsed time spent in this place.
 B = Non-inter-level travel time spent in this place.
 C = Inter-level travel time spent in this place.
 D = Time resting spent in this place.
 E = Time spent auto-exploring this place.
 F = Levels seen in this place.
 G = Mean time per level.
                   A        B        C        D        E       F      G
               +--------+--------+--------+--------+--------+-----+--------+
         Total |   2092 |   2036 |     56 |      5 |   1585 |   3 |  697.3 |
       Dungeon |   2092 |   2036 |     56 |      5 |   1585 |   3 |  697.3 |
               +--------+--------+--------+--------+--------+-----+--------+

Top non-repeatable levels by time:
     D:1: 935 daAuts
     D:2: 867 daAuts
     D:3: 289 daAuts
